[Event "*** Titled Tuesday Blitz"]
[Site "Chess.com"]
[Date "2020.10.27"]
[Round "5"]
[White "SilviusTiberius"]
[Black "PavelChernomordik"]
[Result "1-0"]
[WhiteElo "2533"]
[BlackElo "2297"]
[TimeControl "180+1"]
[EndTime "10:54:47 PDT"]
[Termination "SilviusTiberius won by resignation"]

1. e4 g6 2. d4 Bg7 3. Nc3 d6 4. Be3 a6 5. g4 b5 6. Bg2 Bb7 7. h4 h6 8. Nce2 Nf6 9. Ng3 Qc8 10. f3 Nbd7 11. N1e2 c5 12. c3 e6 13. Qd2 Nb6 14. b3 Nfd7 15. f4 Nf6 16. g5 Ng4 17. Bf3 Nxe3 18.
Qxe3 Nd7 19. f5 cxd4 20. cxd4 hxg5 21. hxg5 Rxh1+ 22. Bxh1 gxf5 23. exf5 Bxh1 24. fxe6 Bd5 25. Rc1 Qb7 26. Nf5 fxe6 27. Nxd6+ Ke7 28. Nxb7 Bxb7 29. Rc7 Bd5 30. Nf4 Kd6 31. Nxd5 exd5 32. Qf4+ Ke6 33.
Rxd7 1-0

[Event "*** Titled Tuesday Blitz"]
[Site "Chess.com"]
[Date "2020.10.27"]
[Round "5"]
[White "Andrakhanova"]
[Black "Fischerev7"]
[Result "0-1"]
[WhiteElo "2240"]
[BlackElo "2418"]
[TimeControl "180+1"]
[EndTime "10:54:48 PDT"]
[Termination "Fischerev7 won by resignation"]

1. c4 Nf6 2. Nc3 e5 3. g3 d5 4. cxd5 Nxd5 5. Bg2 Be6 6. Nf3 Nc6 7. O-O Be7 8. d4 Nxc3 9. bxc3 exd4 10. cxd4 Bd5 11.
Re1 Bb4 12. Bd2 Bxd2 13. Qxd2 Be4 14. Ne5 Bxg2 15. Kxg2 Qxd4 16. Qxd4 Nxd4 17. Red1 Ne6 18. f4 f6 19. Nc4 Ke7 20. Rab1 b6 21. e4 Rhd8 22. e5 Rxd1 23. Rxd1 Rd8 24. Re1 f5 25. Rc1 Rd3 26. a4 Nc5 27. a5 Nb3 28. axb6 axb6 29. Nxb6 Nxc1 0-1

[Event "*** Titled Tuesday Blitz"]
[Site "Chess.com"]
[Date "2020.10.27"]
[Round "5"]
[White "babyking1205"]
[Black "Supernotar"]
[Result "0-1"]
[WhiteElo "2660"]
[BlackElo "2860"]
[TimeControl "180+1"]
[EndTime "10:54:52 PDT"]
[Termination "Supernotar won on time"]

1. e4 c6 2. d4 d5 3. exd5 cxd5 4. Bd3 Nc6 5. c3 Nf6 6. Bf4 g6 7. Nf3 Bg7 8. O-O O-O 9. h3 Bf5 10. Be2 h5 11. Nbd2 a6 12. Qb3 Na5 13. Qb4 e6 14.
Nb3 Nxb3 15. axb3 b5 16. Ne5 Re8 17. Qa5 Qc8 18. Rac1 Ne4 19. g4 hxg4 20. hxg4 g5 21. Be3 f6 22. gxf5 fxe5 23. dxe5 exf5 24. c4 f4 25.
cxd5 Qh3 26. Qb4 Bxe5 27. Qxe4 f3 28. Qg6+ Kh8 0-1

[Event "*** Titled Tuesday Blitz"]
[Site "Chess.com"]
[Date "2020.10.27"]
[Round "5"]
[White "bazar-wokzal"]
[Black "Michaelson_11"]
[Result "1-0"]
[WhiteElo "2491"]
[BlackElo "2132"]
[TimeControl "180+1"]
[EndTime "10:54:52 PDT"]
[Termination "bazar-wokzal won by resignation"]

1. e4 c5 2. c3 Nf6 3. e5 Nd5 4.
d4 Nc6 5. Bc4 Nb6 6. Bxf7+ Kxf7 7.
dxc5 Nxe5 8. Qh5+ Ng6 9. cxb6 Qxb6 10. Nf3 Qe6+ 11. Be3 Ke8 12. O-O d6 13. Na3 Bd7 14.
Rfe1 Qg4 15. Qa5 Bc6 16. h3 Qd7 17. Nd4 e5 18. Nxc6 bxc6 19. Rad1 Be7 20. Nc4 Qe6 21. Qa4 Kd7 22. Nxd6 Bxd6 23. Bc5 Kc7 24. Rxd6 Qf5 25. Qxc6+ 1-0

[Event "*** Titled Tuesday Blitz"]
[Site "Chess.com"]
[Date "2020.10.27"]
[Round "5"]
[White "NotFischer"]
[Black "keepitcoming"]
[Result "0-1"]
[WhiteElo "2129"]
[BlackElo "2541"]
[TimeControl "180+1"]
[EndTime "10:54:54 PDT"]
[Termination "keepitcoming won by resignation"]

1. e4 c6 2. d4 d5 3. exd5 cxd5 4. Bd3 Nc6 5. c3 Qc7 6. Ne2 Bg4 7. h3 Bh5 8. O-O Nf6 9. Qa4 e6 10. Bf4 Bd6 11. Bxd6 Qxd6 12. Ng3 Bg6 13. Bb5 O-O 14.
Bxc6 bxc6 15. b4 a5 16. Nd2 Rfb8 17. bxa5 Qc7 18. Nb3 Ne8 19. Rfc1 Nd6 20. Nf1 Nc4 21. Ne3 Nxa5 22. Nc5 Nb7 23. Qb4 Nxc5 24. Qxc5 Rb5 25. a4 Rxc5 26. dxc5 Qa5 27. Ra3 Qxc5 28. Rca1 Qa5 29.
Nf1 e5 30. Nd2 d4 31. Nc4 Qc5 0-1

[Event "*** Titled Tuesday Blitz"]
[Site "Chess.com"]
[Date "2020.10.27"]
[Round "5"]
[White "SamuelGhimpu2003"]
[Black "Arseniy_Nesterov"]
[Result "0-1"]
[WhiteElo "2617"]
[BlackElo "2802"]
[TimeControl "180+1"]
[EndTime "10:54:56 PDT"]
[Termination "Arseniy_Nesterov won on time"]

1. d4 d5 2. Nc3 Bf5 3. Bf4 e6 4. f3 Bd6 5. Bxd6 cxd6 6. e4 dxe4 7. fxe4 Bg6 8. Bb5+ Nd7 9. Nf3 a6 10. Bd3 Ne7 11.
O-O O-O 12. Ne2 e5 13. c3 d5 14. Nxe5 Nxe5 15. dxe5 Qb6+ 16. Kh1 dxe4 17. Bc4 Rad8 18. Nd4 Qxb2 19. Qb3 Qxb3 20. axb3 b5 21. Be2 b4 22. Rxa6 bxc3 23. Nb5 c2 24. Rc1 Rd2 25. Nc3 Rc8 26.
Bc4 e3 27. Kg1 Kf8 28. Ra2 Nc6 0-1

[Event "*** Titled Tuesday Blitz"]
[Site "Chess.com"]
[Date "2020.10.27"]
[Round "5"]
[White "BogdanBelyakov89"]
[Black "Inga83"]
[Result "1-0"]
[WhiteElo "2586"]
[BlackElo "2401"]
[TimeControl "180+1"]
[EndTime "10:54:56 PDT"]
[Termination "BogdanBelyakov89 won by resignation"]

1. e4 c6 2. d4 d5 3. e5 Bf5 4. Nd2 e6 5. g4 Bg6 6. Ne2 h6 7.
Nf4 Bh7 8. Bg2 Ne7 9. O-O c5 10. c4 cxd4 11. cxd5 Nxd5 12. Nxd5 exd5 13. Nb3 Nc6 14.
Nxd4 Be7 15. Bf4 O-O 16. Nf5 Bg5 17. Bg3 d4 18. f4 Be7 19. Bxc6 bxc6 20. Nxe7+ Qxe7 21. f5 Rfd8 22. Qd2 c5 23. f6 Qe6 24. g5 h5 25. fxg7 Qg4 26. Rf4 Qxg5 27. e6 Bg6 28. exf7+ Bxf7 29. Qf2 Rd7 30. Rf5 Qxg7 31. Qf4 Rf8 32.
Rf1 Re7 33. Rg5 Bg6 34. Qxf8+ Qxf8 35. Rxf8+ Kxf8 36. Bd6 Kf7 37. Bxe7 d3 38. Kf2 c4 39. Bb4 h4 40. Bc3 Be4 41. Ke3 Bg6 42. a3 1-0

[Event "*** Titled Tuesday Blitz"]
[Site "Chess.com"]
[Date "2020.10.27"]
[Round "5"]
[White "ShahMatKanal"]
[Black "sopo-tereladze"]
[Result "1/2-1/2"]
[WhiteElo "2459"]
[BlackElo "2317"]
[TimeControl "180+1"]
[EndTime "10:54:56 PDT"]
[Termination "Game drawn by agreement"]

1. Nf3 Nf6 2. c4 e6 3. Nc3 d5 4. e3 Be7 5. Be2 O-O 6. O-O b6 7. cxd5 Nxd5 8. b3 Nxc3 9. dxc3 Qxd1 10. Rxd1 Bb7 11. Bb2 Nc6 12. c4 Rad8 13. Nd4 Bf6 14. Nxc6 Bxc6 15. Bxf6 gxf6 16. f3 Rfe8 17. Kf2 Kf8 18.
Rxd8 Rxd8 19. Rd1 Rxd1 20. Bxd1 f5 21. Bc2 Kg7 22. Ke2 Kf6 23. g3 Ke5 24. f4+ Kd6 25.
Kd2 h6 26. Bd1 a5 27. Bh5 f6 28.
Kc3 Be4 29. a3 Bg2 30. b4 axb4+ 31. axb4 Be4 32. Bf7 Bf3 33. c5+ bxc5 34. bxc5+ Kxc5 35. Bxe6 Be4 36. Bc8 Bb1 1/2-1/2

[Event "*** Titled Tuesday Blitz"]
[Site "Chess.com"]
[Date "2020.10.27"]
[Round "5"]
[White "VladaSviridova"]
[Black "mjray79"]
[Result "0-1"]
[WhiteElo "2274"]
[BlackElo "2447"]
[TimeControl "180+1"]
[EndTime "10:54:57 PDT"]
[Termination "mjray79 won by checkmate"]

1. d4 Nf6 2. c4 g6 3. Nc3 Bg7 4.
e4 d6 5. Nf3 O-O 6. Be2 e5 7. O-O Nc6 8. Be3 Ng4 9. Bg5 f6 10.
Bh4 Qe8 11. d5 Nd4 12. Nxd4 exd4 13. Qxd4 f5 14. Qd1 Ne5 15. f3 f4 16. Rc1 Kh8 17. b4 Rg8 18. c5 h6 19. cxd6 g5 20. Bf2 cxd6 21. Nb5 Qg6 22. Nc7 g4 23. Nxa8 g3 24. Bd4 Qh5 25. hxg3 fxg3 26. Re1 Qh2+ 27.
Kf1 Bh3 28. gxh3 g2+ 29. Kf2 g1=Q# 0-1

[Event "*** Titled Tuesday Blitz"]
[Site "Chess.com"]
[Date "2020.10.27"]
[Round "5"]
[White "annamaja"]
[Black "Neftegor"]
[Result "0-1"]
[WhiteElo "2292"]
[BlackElo "2457"]
[TimeControl "180+1"]
[EndTime "10:55:00 PDT"]
[Termination "Neftegor won by checkmate"]

1. e4 c6 2. d4 d5 3. exd5 cxd5 4. c4 Nf6 5. Nc3 e6 6. Bd3 Be7 7. Nge2 dxc4 8. Bxc4 O-O 9. O-O b6 10. d5 exd5 11.
Nxd5 Bb7 12. Nxe7+ Qxe7 13. Nf4 Qe4 14. Bd3 Qe7 15. Re1 Qd8 16. Be3 Nc6 17. Rc1 Ne5 18.
Bb1 Ng6 19. Qb3 Nxf4 20. Bxf4 Nd5 21. Rcd1 Qf6 22. Be5 Qg5 23. Rxd5 Rad8 24. Rxd8 Qxg2# 0-1

[Event "*** Titled Tuesday Blitz"]
[Site "Chess.com"]
[Date "2020.10.27"]
[Round "5"]
[White "Karateloru"]
[Black "vugarrasulov"]
[Result "0-1"]
[WhiteElo "2662"]
[BlackElo "2862"]
[TimeControl "180+1"]
[EndTime "10:55:01 PDT"]
[Termination "vugarrasulov won by resignation"]

1. e4 e5 2. Nf3 Nc6 3. d4 exd4 4. Nxd4 Bc5 5. Nb3 Bb6 6. Nc3 Nf6 7. Bg5 h6 8. Bh4 d6 9. Bd3 Be6 10. Na4 Ne5 11. Nxb6 axb6 12. O-O Ng6 13. Bg3 h5 14. f4 h4 15. Be1 h3 16. g3 Bg4 17. Qd2 O-O 18.
f5 Ne5 19. Qe3 c5 20. Bc3 Re8 21. Nd2 d5 22. Bxe5 Rxe5 23. Qf4 Qe7 24. exd5 Re8 25.
c4 Re3 26. Bc2 b5 27. d6 Qd7 28. Rf2 bxc4 29. Nxc4 Re1+ 30. Rxe1 Rxe1+ 31. Rf1 Qc6 32. Qf2 Re2 33. d7 Qxd7 34. Qxc5 Rg2+ 35. Kh1 Rxc2 36.
b3 Qd3 0-1

[Event "*** Titled Tuesday Blitz"]
[Site "Chess.com"]
[Date "2020.10.27"]
[Round "5"]
[White "Treacherous_horse64"]
[Black "emiliochess"]
[Result "0-1"]
[WhiteElo "2506"]
[BlackElo "2316"]
[TimeControl "180+1"]
[EndTime "10:55:01 PDT"]
[Termination "emiliochess won by resignation"]

1. g3 d5 2. Bg2 Nf6 3. c4 e6 4.
Nf3 c6 5. d4 Nbd7 6. Nbd2 b6 7.
O-O Bb7 8. Qc2 c5 9. dxc5 Bxc5 10. b3 Rc8 11. Bb2 O-O 12. Rac1 b5 13. Qb1 Ba6 14.
cxd5 Nxd5 15. Rfd1 Qe7 16. Ne4 Bb6 17. Qa1 f6 18. Nc3 Nxc3 19. Bxc3 Rfd8 20. e3 Bb7 21. Bd4 Nc5 22. Qb2 e5 23. Bxc5 Rxd1+ 24. Rxd1 Bxc5 25. Nh4 Bxg2 26. Nxg2 Rd8 27. Rc1 Ba3 28. Qc2 Bxc1 29. Qxc1 Qd6 30. Qc3 Qd2 31. Qc7 Qd1+ 32. Ne1 Qxe1+ 33.
Kg2 Qd2 34. Qxa7 Qd5+ 35. Kh3 Qd7+ 36. Kg2 Qxa7 37. g4 Qxa2 38. Kg3 Rd2 39. h4 Rxf2 0-1

[Event "*** Titled Tuesday Blitz"]
[Site "Chess.com"]
[Date "2020.10.27"]
[Round "5"]
[White "picturesquecheck"]
[Black "Gabrielian_Artur"]
[Result "0-1"]
[WhiteElo "2083"]
[BlackElo "2774"]
[TimeControl "180+1"]
[EndTime "10:55:01 PDT"]
[Termination "Gabrielian_Artur won by resignation"]

1. e4 Nf6 2. e5 Nd5 3. d4 d6 4. Nf3 dxe5 5. Nxe5 c6 6. Bc4 Be6 7. O-O g6 8. Re1 Bg7 9. Bb3 O-O 10. Nd2 a5 11. a4 Nd7 12. Ndf3 Nxe5 13. dxe5 Nc7 14. Bg5 Re8 15. Nd4 Bxb3 16. Nxb3 Ne6 17. Bh4 Qc7 18. Bg3 Rad8 19. Qe2 Rd5 20. Rad1 Red8 21. Rxd5 Rxd5 22. c4 Rd7 23. f4 Qb6+ 24. Qe3 Qb4 25. Bf2 Qxc4 26. g3 Qxa4 27. Ra1 Qb4 28. Rxa5 Rd8 29. Qb6 Rd1+ 30. Kg2 Qe4+ 31. Kh3 h5 32. Ra8+ Kh7 33.
Nc5 Qf5+ 34. Kg2 Nxf4+ 35. gxf4 Qg4+ 36. Bg3 Rd2+ 37. Kf1 Qe2+ 0-1

[Event "*** Titled Tuesday Blitz"]
[Site "Chess.com"]
[Date "2020.10.27"]
[Round "5"]
[White "LyonBeast"]
[Black "nurgyulsalimova"]
[Result "1-0"]
[WhiteElo "3039"]
[BlackElo "2719"]
[TimeControl "180+1"]
[EndTime "10:55:04 PDT"]
[Termination "LyonBeast won by resignation"]

1. b3 d5 2. Bb2 Nf6 3. Nf3 e6 4. g3 Be7 5. Bg2 O-O 6. O-O b6 7. e3 Bb7 8. d3 c5 9. Nbd2 Nc6 10. Qe2 Qc7 11. c4 Rfd8 12. Rfd1 a5 13. a4 Nb4 14.
Rac1 dxc4 15. Nxc4 Bd5 16. Nfe5 Bxg2 17. Kxg2 Qb7+ 18.
Qf3 Qxf3+ 19. Kxf3 Rab8 20. Ke2 Rb7 21. d4 Ne8 22.
dxc5 Rxd1 23. Rxd1 Bxc5 24. Rd8 Kf8 25. Rd7 Rxd7 26.
Nxd7+ Ke7 27. Nxc5 bxc5 28. Nxa5 f6 29. Nc4 Nc7 30.
Ba3 Nba6 31. e4 e5 32. Ne3 Ne6 33. Kd3 Kd7 34. Kc4 Kc6 35. Nf5 g6 36. Ne7+ Kd6 37. Nd5 f5 38. b4 fxe4 39. b5 Nb8 40. Nf6 Nd4 41. Nxe4+ Kc7 42. Bxc5 Nf3 43. Bd6+ Kb7 44. Bxb8 Kxb8 45. a5 Nd4 46. b6 Kb7 47. Nc5+ Kc6 48. Nd3 Ne6 49. Nxe5+ Kb7 50. Nd3 Ka6 51. Nc5+ 1-0

[Event "*** Titled Tuesday Blitz"]
[Site "Chess.com"]
[Date "2020.10.27"]
[Round "5"]
[White "Gerodot71"]
[Black "Ermito2020"]
[Result "0-1"]
[WhiteElo "2485"]
[BlackElo "2653"]
[TimeControl "180+1"]
[EndTime "10:55:04 PDT"]
[Termination "Ermito2020 won by resignation"]

1. d4 e6 2. c4 f5 3. Nf3 Nf6 4.
g3 Be7 5. Bg2 O-O 6. O-O d5 7.
b3 c6 8. Ba3 Ne4 9. Bxe7 Qxe7 10.
Qc2 Bd7 11. Ne5 Be8 12. Nd2 Nd7 13. Nd3 Bh5 14. e3 Be2 15. Rfe1 Bxd3 16. Qxd3 Nxd2 17. Qxd2 Nf6 18. f3 Rad8 19. c5 e5 20. b4 Rde8 21.
a4 Qd7 22. Rab1 a6 23. Bf1 g5 24. b5 axb5 25. axb5 g4 26. f4 Ne4 27. Qb2 exf4 28.
exf4 Rf7 29. Ra1 h5 30. Ra7 Qe6 31. bxc6 bxc6 32. Rea1 h4 33. Qg2 h3 34. Qc2 Qf6 35. Qb2 Nxc5 36. Rxf7 Kxf7 37. Ra7+ Kg6 38. Qd2 Nb3 39.
Qd1 Qxd4+ 40. Qxd4 Nxd4 41. Ra4 Re4 42. Bd3 Nf3+ 0-1

[Event "*** Titled Tuesday Blitz"]
[Site "Chess.com"]
[Date "2020.10.27"]
[Round "5"]
[White "jamalm2"]
[Black "Resignify"]
[Result "0-1"]
[WhiteElo "1940"]
[BlackElo "2201"]
[TimeControl "180+1"]
[EndTime "10:55:04 PDT"]
[Termination "Resignify won on time"]

1. g3 Nf6 2. Bg2 g6 3. c4 Bg7 4. Nf3 O-O 5. O-O d6 6. d4 Nbd7 7. b3 c5 8. Bb2 Rb8 9. Nbd2 a6 10.
e4 Ne8 11. Qe2 b5 12. cxb5 axb5 13. Rfd1 Nc7 14. Nf1 b4 15. Rac1 Ba6 16. Qe3 Nb5 17.
Rc2 Qc7 18. dxc5 Bxb2 19. Rxb2 Qxc5 20. Rc1 Qb6 21. Rd2 Nc3 22. a4 Rfc8 0-1

[Event "*** Titled Tuesday Blitz"]
[Site "Chess.com"]
[Date "2020.10.27"]
[Round "5"]
[White "GalperinPlaton"]
[Black "Khazieva_Elza"]
[Result "1-0"]
[WhiteElo "2829"]
[BlackElo "2474"]
[TimeControl "180+1"]
[EndTime "10:55:06 PDT"]
[Termination "GalperinPlaton won by resignation"]

1. a4 Nf6 2. Na3 e5 3. c3 d6 4. Nc2 Bf5 5. g3 c6 6. Bg2 Nbd7 7. d3 h6 8. e4 Bh7 9. Ne2 Be7 10. O-O O-O 11. h3 d5 12. f3 Rc8 13. Be3 Bc5 14.
Qd2 Bxe3+ 15. Qxe3 Qb6 16. b4 Rfd8 17. Kh2 Qxe3 18.
Nxe3 dxe4 19. dxe4 Nf8 20. Rfd1 Ne6 21. Nc4 Nd7 22.
f4 exf4 23. gxf4 Nb6 24. Nd6 Rc7 25. a5 Nc8 26. Nc4 f5 27. e5 Rcd7 28. Rxd7 Rxd7 29. a6 Ne7 30. axb7 Rxb7 31. Kg3 Bg6 32. Ra6 Rc7 33. Nd6 Bh5 34. Nd4 Nxd4 35. cxd4 g5 36. h4 Be2 37.
Ra2 gxh4+ 38. Kxh4 Bg4 39. Rc2 a5 40. b5 a4 41. b6 Rd7 42. b7 Rd8 43. Nc8 Nxc8 44.
b8=Q 1-0

[Event "*** Titled Tuesday Blitz"]
[Site "Chess.com"]
[Date "2020.10.27"]
[Round "5"]
[White "Joshukid"]
[Black "exoticprincess"]
[Result "0-1"]
[WhiteElo "2703"]
[BlackElo "2862"]
[TimeControl "180+1"]
[EndTime "10:55:07 PDT"]
[Termination "exoticprincess won by resignation"]

1. Nf3 d5 2. c4 c6 3. g3 Nf6 4. Bg2 Bg4 5. O-O e6 6. Qb3 Qb6 7. d3 Nbd7 8. Nc3 Bxf3 9. Bxf3 Qxb3 10. axb3 a6 11. Be3 Bd6 12. h3 h5 13. h4 Ne5 14.
Bg2 Neg4 15. Bd2 O-O 16. d4 Rfd8 17. c5 Bc7 18. f3 Nh6 19. Bxh6 gxh6 20. f4 Kf8 21. Bf3 Ke7 22. e3 Ng4 23. Bxg4 hxg4 24. Kf2 Rdb8 25. Ra2 b6 26. b4 bxc5 27. bxc5 Rb3 28.
Rfa1 a5 29. Ke2 Rab8 30. Nd1 f6 31. Ra3 R3b5 32. Kd2 e5 33. Kc2 Ke6 34. R1a2 Kf5 35. Ra4 Rb4 36. Nf2 h5 37. Kc3 Rb3+ 38. Kd2 Rxb2+ 39.
Rxb2 Rxb2+ 40. Ke1 exd4 41. exd4 Rb3 0-1

[Event "*** Titled Tuesday Blitz"]
[Site "Chess.com"]
[Date "2020.10.27"]
[Round "5"]
[White "MIJuanReyesRosa"]
[Black "Training_Day"]
[Result "1-0"]
[WhiteElo "2081"]
[BlackElo "2399"]
[TimeControl "180+1"]
[EndTime "10:55:07 PDT"]
[Termination "MIJuanReyesRosa won on time"]

1. d4 Nf6 2. Nf3 e6 3. c4 Bb4+ 4. Bd2 a5 5. a3 Bxd2+ 6. Qxd2 d6 7. Nc3 Qe7 8. e4 e5 9. Bd3 O-O 10. O-O Bg4 11. Nd5 Nxd5 12. cxd5 Bxf3 13. gxf3 exd4 14. Rac1 c5 15. dxc6 Nxc6 16. Bb5 Ne5 17. Be2 d3 18. Bd1 f5 19. Kh1 f4 20. Rg1 Rf6 21. Rg2 Raf8 22. Rc3 Qe6 23. Rxd3 Nxd3 24. Qxd3 Rc8 25. Bb3 Qxb3 26.
Qxb3+ Kh8 27. Rg1 1-0

[Event "*** Titled Tuesday Blitz"]
[Site "Chess.com"]
[Date "2020.10.27"]
[Round "5"]
[White "indfraeng"]
[Black "arminmusovic"]
[Result "0-1"]
[WhiteElo "2354"]
[BlackElo "2600"]
[TimeControl "180+1"]
[EndTime "10:55:08 PDT"]
[Termination "arminmusovic won by resignation"]

1. d4 d5 2. c4 c5 3. cxd5 e6 4. Nc3 exd5 5. Nf3 Nc6 6. g3 h6 7.
Bg2 Nf6 8. O-O a6 9. a3 cxd4 10.
Nxd4 Be7 11. b4 O-O 12. Bb2 Re8 13. Rc1 Bg4 14. h3 Nxd4 15. Qxd4 Be6 16. Rfd1 Bf8 17. Na4 Rc8 18. Nc5 Bxc5 19. bxc5 Qa5 20. g4 Re7 21. f4 Rec7 22. g5 hxg5 23. fxg5 Ne8 24. Bxd5 Rxc5 25. Rxc5 Rxc5 26. Bxe6 fxe6 27. h4 Rd5 28. Qe4 Rxd1+ 29. Kh2 Qd5 0-1

[Event "*** Titled Tuesday Blitz"]
[Site "Chess.com"]
[Date "2020.10.27"]
[Round "5"]
[White "Chernobay_Artem"]
[Black "MartinMatthiesen"]
[Result "1-0"]
[WhiteElo "2604"]
[BlackElo "2416"]
[TimeControl "180+1"]
[EndTime "10:55:09 PDT"]
[Termination "Chernobay_Artem won by resignation"]

1. e4 c5 2. Nf3 Nc6 3. Bb5 g6 4. O-O Bg7 5. Re1 e5 6. c3 Nge7 7. d4 cxd4 8. cxd4 exd4 9. Bf4 a6 10. Bf1 d6 11. Nbd2 Be6 12. h3 O-O 13. Nb3 Bxb3 14.
Qxb3 Qd7 15. a4 Rac8 16. a5 h6 17. Qa3 Rcd8 18. Rad1 g5 19. Bh2 Ng6 20. Nd2 d5 21. exd5 Qxd5 22. Nc4 Rfe8 23. Bc7 Rxe1 24. Rxe1 Rf8 25.
Nb6 Qf5 26. Bd3 Qf6 27. Nd7 1-0

[Event "*** Titled Tuesday Blitz"]
[Site "Chess.com"]
[Date "2020.10.27"]
[Round "5"]
[White "ajedrezhoy"]
[Black "WildTricks"]
[Result "0-1"]
[WhiteElo "2230"]
[BlackElo "2400"]
[TimeControl "180+1"]
[EndTime "10:55:09 PDT"]
[Termination "WildTricks won on time"]

1. Nf3 b6 2. e4 Bb7 3. Nc3 e6 4. a3 Nf6 5. e5 Ne4 6. Nxe4 Bxe4 7. d3 Bb7 8. d4 d6 9. Bb5+ Nd7 10. Bg5 Be7 11.
Bxe7 Qxe7 12. O-O O-O 13. Re1 a6 14. Bd3 Rad8 15. Qe2 a5 16. h4 dxe5 17. dxe5 Bxf3 18. Qxf3 Qxh4 19. Re4 Qg5 20. Rae1 h5 21. b4 g6 22. g3 axb4 23. axb4 Nb8 24. Kg2 Nc6 25. c3 Ne7 26.
Rf4 Nd5 27. Rc4 Rd7 28. Be4 Qxe5 29. Re2 Qg5 0-1

[Event "*** Titled Tuesday Blitz"]
[Site "Chess.com"]
[Date "2020.10.27"]
[Round "5"]
[White "kinga2008"]
[Black "Generalas"]
[Result "0-1"]
[WhiteElo "2116"]
[BlackElo "2350"]
[TimeControl "180+1"]
[EndTime "10:55:11 PDT"]
[Termination "Generalas won by resignation"]

1. e4 e5 2. Nf3 Nc6 3. d4 exd4 4. Bc4 Nf6 5. O-O Nxe4 6. Re1 d5 7. Bxd5 Qxd5 8. Nc3 Qa5 9. Nxe4 Be6 10. Neg5 O-O-O 11. Nxe6 fxe6 12. Rxe6 Bd6 13. Bg5 Rde8 14. Qe2 Kd7 15. Rxe8 Rxe8 16. Qc4 Ne5 17. Nxe5+ Qxe5 18. f4 Qe3+ 19. Kf1 h6 20. Qf7+ Kc8 21. Bh4 Rf8 22.
Qxf8+ Bxf8 23. Re1 Qxf4+ 24. Bf2 Kd7 25. Rd1 c5 26. c3 Qxh2 27. cxd4 c4 28. b3 c3 29.
Rd3 Bb4 30. Be3 Qh1+ 31. Ke2 Qxg2+ 0-1

[Event "*** Titled Tuesday Blitz"]
[Site "Chess.com"]
[Date "2020.10.27"]
[Round "5"]
[White "capatl"]
[Black "m-garcett"]
[Result "1-0"]
[WhiteElo "2490"]
[BlackElo "2071"]
[TimeControl "180+1"]
[EndTime "10:55:13 PDT"]
[Termination "capatl won by resignation"]

1. c4 Nf6 2. Nc3 g6 3. g3 Bg7 4. Bg2 d6 5. e3 O-O 6. Nge2 Nc6 7. d4 e5 8. O-O Qe7 9. Nd5 Nxd5 10. cxd5 Nd8 11. b4 Bg4 12. f3 Bd7 13. Bb2 Bb5 14. Re1 f5 15. dxe5 dxe5 16. Qb3 Kh8 17. Rac1 Bxe2 18.
Rxe2 Nf7 19. Rec2 Rac8 20. b5 Nd6 21. Qa4 e4 22. f4 Bxb2 23. Rxb2 Qd7 24. Bf1 b6 25.
Rbc2 Nb7 26. Qxa7 Nc5 27. Qa3 Qxd5 28. Qb2+ Kg8 29. Bc4 Qxc4 30. Rxc4 Nd3 31. Qb3 Nxc1 32. Rxc1+ Rf7 33. Qe6 1-0

[Event "*** Titled Tuesday Blitz"]
[Site "Chess.com"]
[Date "2020.10.27"]
[Round "5"]
[White "UCantHandleDenker"]
[Black "mr65"]
[Result "1-0"]
[WhiteElo "2508"]
[BlackElo "2206"]
[TimeControl "180+1"]
[EndTime "10:55:15 PDT"]
[Termination "UCantHandleDenker won by resignation"]

1. Nf3 Nf6 2. g3 g6 3. Bg2 Bg7 4. O-O O-O 5. d3 d6 6. Nbd2 e5 7. e4 Nc6 8. c3 Be6 9. b4 a6 10.
a4 Qd7 11. Ng5 Nh5 12. Nxe6 Qxe6 13. Bb2 Rae8 14. b5 axb5 15. axb5 Nd8 16. Ra7 Bh6 17. Nc4 Ng7 18. Na5 f5 19. Nxb7 Nxb7 20. Rxb7 f4 21. Rxc7 g5 22. Bf3 Qf6 23. Bg4 Ne6 24. Bxe6+ Qxe6 25. Qh5 fxg3 26. hxg3 g4 27. Ra1 Qf6 28. Qxg4+ Kh8 29. Rf1 Be3 30. Kg2 Bb6 31. Rb7 Bc5 32.
d4 exd4 33. cxd4 Bxd4 34. Qh5 Qg6 35. Bxd4+ Kg8 36. Qxg6+ 1-0

[Event "*** Titled Tuesday Blitz"]
[Site "Chess.com"]
[Date "2020.10.27"]
[Round "5"]
[White "DanielDardha2005"]
[Black "PhileKhoob"]
[Result "0-1"]
[WhiteElo "2624"]
[BlackElo "2459"]
[TimeControl "180+1"]
[EndTime "10:55:16 PDT"]
[Termination "PhileKhoob won by resignation"]

1. d4 Nf6 2. c4 g6 3. Nc3 d5 4. e3 Bg7 5. Qb3 dxc4 6. Bxc4 O-O 7. Nf3 c5 8. O-O cxd4 9. Nxd4 e5 10. Nf3 Nc6 11. Qa3 e4 12. Ng5 Ne5 13. Qc5 Nfd7 14.
Bxf7+ Nxf7 15. Nxf7 Rxf7 16. Qc4 Ne5 17. Qxe4 Bf5 18.
Qa4 Bd3 19. Rd1 Qf6 20. f4 Ba6 21. e4 Raf8 22. Nd5 Qh4 23. h3 Nf3+ 24. gxf3 Qg3+ 25.
Kh1 Qxh3+ 26. Kg1 Qg3+ 27. Kh1 Be2 28. Ne7+ Rxe7 29. Qc4+ Bxc4 0-1

[Event "*** Titled Tuesday Blitz"]
[Site "Chess.com"]
[Date "2020.10.27"]
[Round "5"]
[White "Funo09"]
[Black "TimurGareyev"]
[Result "1-0"]
[WhiteElo "2795"]
[BlackElo "2604"]
[TimeControl "180+1"]
[EndTime "10:55:17 PDT"]
[Termination "Funo09 won by resignation"]

1. e4 Na6 2. d4 c6 3. Nc3 g6 4. Bxa6 bxa6 5. Nf3 d6 6. O-O Bg7 7. h3 Nf6 8. Be3 O-O 9. Qd2 Re8 10. Rad1 a5 11. a4 Ba6 12. Rfe1 Qc7 13. b3 Rab8 14. Bf4 Nh5 15. Bh6 Bh8 16. Bg5 Ng7 17. Be3 Rb4 18. Na2 Rbb8 19. Nc3 Rb4 20. Ng5 Bc8 21. Qe2 Ne6 22.
Nf3 Rb6 23. Qd2 Rb4 24. Qc1 Bb7 25. Na2 Rb6 26. Qd2 Ra6 27. c4 d5 28. exd5 cxd5 29.
c5 Ng7 30. Nc3 Re6 31. Nb5 Qd8 32. Bf4 Rxe1+ 33. Rxe1 Ne6 34. Be5 a6 35. Bxh8 Kxh8 36.
Rxe6 fxe6 37. Qh6 1-0

[Event "*** Titled Tuesday Blitz"]
[Site "Chess.com"]
[Date "2020.10.27"]
[Round "5"]
[White "Yashasd1995"]
[Black "SergeyShtyka"]
[Result "1-0"]
[WhiteElo "2540"]
[BlackElo "2326"]
[TimeControl "180+1"]
[EndTime "10:55:18 PDT"]
[Termination "Yashasd1995 won by resignation"]

1. b3 c5 2. Bb2 d5 3. e3 Nc6 4. f4 Nf6 5. Bb5 Bd7 6. Nf3 a6 7.
Bxc6 Bxc6 8. O-O e6 9. Ne5 Qc7 10. d3 Be7 11. Nd2 O-O 12. Qe1 Be8 13. g4 Nd7 14. g5 Nxe5 15. Bxe5 Bd6 16. Nf3 f6 17. Bxd6 Qxd6 18. Qg3 Kh8 19. Rf2 Bh5 20. Nh4 Qe7 21.
Raf1 fxg5 22. fxg5 Kg8 23. Ng2 e5 24. Nh4 Bg6 25.
Rxf8+ Rxf8 26. Rxf8+ Kxf8 27. Qf3+ Qf7 28. Qg4 Qe7 29.
Nf3 e4 30. Qf4+ Ke8 31. Ne5 exd3 32. cxd3 b5 33. h4 c4 34. dxc4 dxc4 35. bxc4 bxc4 36. Nxc4 Qb4 37. Nd6+ 1-0

[Event "*** Titled Tuesday Blitz"]
[Site "Chess.com"]
[Date "2020.10.27"]
[Round "5"]
[White "zverr1"]
[Black "BikingBrian"]
[Result "1-0"]
[WhiteElo "2460"]
[BlackElo "2262"]
[TimeControl "180+1"]
[EndTime "10:55:19 PDT"]
[Termination "zverr1 won by resignation"]

1. e4 c5 2. Nf3 g6 3. h4 h5 4. c3 Bg7 5. d4 cxd4 6. cxd4 d5 7. exd5 Nf6 8. Bb5+ Nbd7 9. Nc3 O-O 10. Bg5 Nb6 11.
Ne5 Nfxd5 12. a4 Bf5 13. a5 Nxc3 14. bxc3 Nd5 15. Bd2 f6 16. Nc4 a6 17. Ba4 b5 18.
axb6 Nxb6 19. Nxb6 Qxb6 20. O-O Kh7 21. Re1 e5 22.
dxe5 fxe5 23. Be3 Qc7 24. Qb3 Rab8 25. Qa3 Rfc8 26. Rec1 Be6 27. Bc2 Bc4 28. Be4 Bf8 29.
Qa5 Qf7 30. Qxe5 Re8 31. Qxh5+ Kg8 32. Bxg6 Qg7 33. Bd4 Qh6 34. Bf7+ Kh7 35. Qf5+ 1-0